 Dungeon Crawl Stone Soup version 0.21.1-1-g345015f (webtiles) character file.

973 letownia2 the Martial Artist (level 8, 0/58 HPs)
             Began as a Merfolk Transmuter on Mar 15, 2018.
             Was a Follower of Cheibriados.
             Slain by a gnoll
             ... wielding a +0 spear
              (5 damage)
             ... on level 7 of the Dungeon.
             The game lasted 00:19:09 (1909 turns).

letownia2 the Martial Artist (Merfolk Transmuter)   Turns: 1909, Time: 00:19:10

Health: 0/58       AC:  2    Str: 14    XL:     8   Next: 16%
Magic:  9/12       EV: 21    Int: 16    God:    Cheibriados [*.....]
Gold:   206        SH:  0    Dex: 22    Spells: 0/13 levels left

rFire    . . .     SeeInvis .     - Unarmed
rCold    + . .     Gourm    .   (shield currently unavailable)
rNeg     . . .     Faith    .   (armour currently unavailable)
rPois    x         Spirit   .   (helmet currently unavailable)
rElec    .         Reflect  .   (cloak currently unavailable)
rCorr    .         Harm     .   (gloves currently unavailable)
MR       .....                  (boots currently unavailable)
Stlth    ++........             C - amulet of regeneration
HPRegen  0.59/turn              k - +2 ring of intelligence
MPRegen  0.13/turn              D - ring of protection from cold

@: spider-form (expiring), flying, very slow
A: tiny, (change form in water), (swift swim), (stealthy swim)
a: End Transformation, Bend Time, Renounce Religion


You were on level 7 of the Dungeon.
You worshipped Cheibriados.
Cheibriados was aware of your devotion.
You were not hungry.
You were a venomous arachnid creature.
You visited 2 branches of the dungeon, and saw 8 of its levels.

You collected 206 gold pieces.

Inventory:

Hand Weapons
 x - a +0 hunting sling
Missiles
 a - 38 arrows
 l - 15 tomahawks (quivered)
 m - 8 curare-tipped needles
 B - 14 poisoned needles
Armour
 r - a +2 pair of gloves (melded)
 u - a +0 leather armour (melded)
 v - a +1 ring mail
Jewellery
 k - a +2 ring of intelligence (left front leg)
 n - a +3 amulet of reflection
 C - an amulet of regeneration (around neck)
 D - a ring of protection from cold (right front leg)
Wands
 f - a wand of digging (27)
Scrolls
 e - 2 scrolls of identify
 g - 2 scrolls of remove curse
 h - a scroll of amnesia {unknown}
 p - a scroll of enchant armour
 s - a scroll of fear
 y - a scroll of enchant weapon {unknown}
Potions
 i - a potion of lignification
 j - a potion of invisibility
 o - 3 potions of might
 q - a potion of flight
 t - 2 potions of brilliance {unknown}
 z - a potion of haste {unknown}
Books
 c - a book of Changes

   Spells                             Type                      Level
   a - Beastly Appendage              Transmutation                1
   b - Sticks to Snakes               Transmutation                2
   c - Spider Form                    Transmutation/Poison         3
   d - Ice Form                       Ice/Transmutation            4
   e - Blade Hands                    Transmutation                5
 w - a book of Necromancy

   Spells                             Type                      Level
   a - Pain                           Necromancy                   1
   b - Animate Skeleton               Necromancy                   1
   c - Vampiric Draining              Necromancy                   3
   d - Regeneration                   Charms/Necromancy            3
   e - Animate Dead                   Necromancy                   4
   f - Borgnjor's Vile Clutch         Necromancy/Earth             5
 A - a book of Conjurations

   Spells                             Type                      Level
   a - Magic Dart                     Conjuration                  1
   b - Searing Ray                    Conjuration                  2
   c - Dazzling Spray                 Conjuration/Hexes            3
   d - Fulminant Prism                Conjuration/Hexes            4
   e - Force Lance                    Conjuration/Translocation    4
   f - Iskenderun's Mystic Blast      Conjuration                  4
Comestibles
 d - 8 rations


   Skills:
 - Level 3.3 Fighting
 - Level 2.6 Dodging
 + Level 8.0 Unarmed Combat
 - Level 3.0 Spellcasting
 - Level 1.7 Charms
 - Level 1.2 Necromancy
 - Level 4.8 Transmutations
 - Level 2.3 Poison Magic


You couldn't memorise any spells.
You knew the following spells:

 Your Spells              Type           Power        Failure   Level  Hunger
a - Beastly Appendage     Tmut           ###...       10%         1    #......
g - Regeneration          Chrm/Necr      #.........   52%         3    ###....
i - Ice Form              Ice/Tmut       ##......     77%         4    #####..
l - Sticks to Snakes      Tmut           ###.....     13%         2    ##.....
p - Spider Form           Tmut/Pois      ##........   30%         3    ###....


Dungeon Overview and Level Annotations

Branches:
Dungeon (7/15)             Temple (1/1) D:5

Altars:
Cheibriados
Dithmenos
Fedhas
Gozag
Hepliaklqana
Kikubaaqudgha
Makhleb
Nemelex Xobeh
Okawaru
Sif Muna
Wu Jian
Xom
Yredelemnul
Zin

Shops:
D:5 :

Annotations:
D:2 Sigmund
D:3 Anonimus's ghost, amateur DsFi; Grinder


Message History

The gnoll barely misses you.
The gnoll hits you from afar with a spear!
* * * LOW HITPOINT WARNING * * *
Unknown command.
There is a stone staircase leading up here.
Unknown command.
The gnoll hits you with a flail.
* * * LOW HITPOINT WARNING * * *
Found a murky silvery potion.
Unknown command.
Unknown command.
Cheibriados appreciates the change of pace.
You feel a bit more experienced.
Unknown command.
It was a potion of flight.
You feel very buoyant.
You fly up into the air.
Your transformation is almost over.
The gnoll hits you with a spear.
You die...

..# #.#.# ..# ..?
###.. ... #####...
#.#
#......###..##...
#.......g))......
#......<###....##
#.....g####.?..#
.....(..s....#....
....#.......##


g.g ....#.####### #. ...#.. .....# ..!# .!. You could see a gnoll.

Vanquished Creatures
  The ghost of inc the Magician, an amateur FeEn of Gozag (D:4)
  An orc warrior (D:6)
  2 bullfrogs (D:6)
  A gnoll sergeant (D:7)
  A crimson imp (D:5)
  A centaur zombie (D:5)
  4 hounds
  3 orc wizards
  3 iguanas (D:4)
  Jessica (D:3)
  A worker ant (D:5)
  2 hound skeletons
  3 gnolls (D:7)
  4 adders
  A shadow imp (D:6)
  An ooze (D:2)
  An adder skeleton (D:4)
  A dart slug (D:1)
  7 orcs
  3 ball pythons
  3 giant cockroaches
  4 goblins
  2 hobgoblins
  7 jackals
  2 kobolds (D:1)
  3 quokkas
  2 bats (D:3)
  2 frilled lizards (D:1)
  A quokka skeleton (D:4)
  3 rats
71 creatures vanquished.

Vanquished Creatures (collateral kills)
  A hound (D:2)
  A worm (D:2)
2 creatures vanquished.

Grand Total: 73 creatures vanquished

Notes
Turn   | Place    | Note
-------+----------+-------------------------------------------
     0 | D:1      | letownia2 the Merfolk Transmuter began the quest for the Orb.
     0 | D:1      | Reached XP level 1. HP: 15/15 MP: 3/3
   108 | D:1      | Reached XP level 2. HP: 13/21 MP: 3/5
   118 | D:1      | Learned a level 2 spell: Sticks to Snakes
   297 | D:2      | Reached skill level 4 in Unarmed Combat
   297 | D:2      | Reached XP level 3. HP: 5/26 MP: 0/6
   368 | D:2      | Learned a level 3 spell: Spider Form
   446 | D:2      | Noticed Sigmund
   665 | D:3      | Noticed Jessica
   666 | D:3      | Killed Jessica
   666 | D:3      | Reached XP level 4. HP: 25/32 MP: 3/7
   677 | D:3      | Noticed Anonimus's ghost (amateur DsFi)
   738 | D:5      | Entered Level 5 of the Dungeon
   752 | D:5      | Reached XP level 5. HP: 33/38 MP: 2/8
   843 | D:4      | Noticed inc's ghost (amateur FeEn)
   853 | D:4      | Killed inc's ghost
   853 | D:4      | Reached skill level 5 in Unarmed Combat
   853 | D:4      | Reached XP level 6. HP: 24/47 MP: 0/9
   916 | D:4      | Learned a level 3 spell: Regeneration
   977 | D:3      | Noticed Grinder
   977 | D:3      | Paralysed by Grinder for 3 turns
  1080 | D:4      | Reached skill level 1 in Charms
  1080 | D:4      | Reached XP level 7. HP: 7/52 MP: 3/11
  1244 | D:4      | Reached skill level 1 in Necromancy
  1429 | D:5      | Found Peggisas's Book Shop.
  1457 | D:5      | Found a staircase to the Ecumenical Temple.
  1462 | Temple   | Entered the Ecumenical Temple
  1483 | Temple   | Became a worshipper of Cheibriados the Contemplative
  1634 | D:5      | Reached skill level 6 in Unarmed Combat
  1703 | D:6      | Found an opulent altar of Gozag.
  1776 | D:6      | Reached skill level 7 in Unarmed Combat
  1793 | D:6      | Reached XP level 8. HP: 58/58 MP: 9/12
  1809 | D:6      | Learned a level 4 spell: Ice Form
  1899 | D:7      | Reached * piety under Cheibriados
  1900 | D:7      | Reached skill level 8 in Unarmed Combat
  1909 | D:7      | Slain by a gnoll

Skill      XL: |  1  2  3  4  5  6  7  8 |
---------------+-------------------------+-----
Transmutations | 3 4 |  4.8
Unarmed Combat | 4 5 7 8 |  8.0
Poison Magic   | 2 |  2.3
Fighting       | 3 |  3.3
Charms         | 1 |  1.7
Spellcasting   | 3 |  3.0
Necromancy     | 1 |  1.2
Dodging        | |  2.6

Action                   |  1- 3 |  4- 6 |  7- 9 || total
-------------------------+-------+-------+-------++-------
Melee: Unarmed           |    60 |    76 |    82 ||   218
       Headbutt          |     5 |     2 |       ||     7
       Punch             |     2 |     1 |     2 ||     5
Throw: Tomahawk          |     3 |     5 |     2 ||    10
 Cast: Beastly Appendage |    10 |     2 |       ||    12
       Sticks to Snakes  |     3 |       |     1 ||     4
       Spider Form       |     3 |    13 |    10 ||    26
Evoke: Wand              |       |       |     1 ||     1
  Use: Potion            |       |     2 |     2 ||     4
       Scroll            |       |       |     4 ||     4
  Eat: Chunk             |       |     3 |     2 ||     5
       Ration            |       |       |     1 ||     1
Armor: Robe              |     6 |     7 |       ||    13
       Skin              |     1 |     3 |     7 ||    11
       Leather armour    |       |       |     1 ||     1
Dodge: Dodged            |    36 |    80 |    59 ||   175
Block: Other             |     2 |     6 |       ||     8
